 Dungeon Crawl Stone Soup version 0.20.1-1-g8b1a95d (webtiles) character file.

1187 moscheto the Fighter (level 8, -2/55 HPs)
             Began as a Gargoyle Gladiator on Jan 1, 2018.
             Engulfed by a cloud of freezing vapour (5 damage)
             ... on level 5 of the Dungeon on Jan 2, 2018.
             The game lasted 00:20:28 (4794 turns).

moscheto the Fighter (Gargoyle Gladiator)           Turns: 4794, Time: 00:20:29

Health: -2/55      AC: 14    Str: 22    XL:     8   Next: 43%
Magic:  8/8        EV: 19    Int: 12    God:
Gold:   260        SH:  0    Dex: 19    Spells: 5/7 levels left

rFire    + . .     SeeInvis .   z - +2 mace (protect)
rCold    + . .     Gourm    .   (no shield)
rNeg     + . .     Faith    .   p - +0 ring mail
rPois    ∞         Spirit   .   c - +0 helmet
rElec    +         Reflect  .   q - +0 cloak
rCorr    +         Harm     .   (no gloves)
MR       .....                  b - +0 pair of boots
Stlth    ++........             (no amulet)
Regen    0.2/turn               h - +3 ring of strength
MPRegen  0.2/turn               o - +3 ring of intelligence

@: agile, resistant, hasted, very quick
A: agile 1, negative energy resistance 1, electricity resistance, unbreathing,
petrification resistance, rot immunity, AC +5
a: no special abilities


You were on level 5 of the Dungeon.
You were not hungry.

You visited 1 branch of the dungeon, and saw 6 of its levels.

You collected 260 gold pieces.

Inventory:

Hand Weapons
 a - a +0 quarterstaff
 z - a +2 mace of protection (weapon)
Missiles
 d - a throwing net (quivered)
 e - 11 javelins
Armour
 b - a +0 pair of boots (worn)
 c - a +0 helmet (worn)
 p - a +0 ring mail (worn)
 q - a +0 cloak (worn)
Jewellery
 h - a +3 ring of strength (left hand)
 j - an uncursed ring of fire
 o - a +3 ring of intelligence (right hand)
 D - an uncursed ring of ice {unknown}
Wands
 H - a wand of disintegration (6/24)
Scrolls
 g - a scroll of remove curse
 n - 2 scrolls of teleportation
 s - a scroll of recharging
 x - a scroll of fog
 A - a scroll of amnesia
Potions
 k - a potion of invisibility
 E - a potion of flight
 F - a potion of lignification
Books
 y - a book of Death

   Spells                             Type                      Level
   a - Corpse Rot                     Necromancy                   2
   b - Sublimation of Blood           Necromancy                   2
   c - Agony                          Necromancy                   5
   d - Dispel Undead                  Necromancy                   5
   e - Excruciating Wounds            Charms/Necromancy            5
   f - Bolt of Draining               Conjuration/Necromancy       5
 B - a book of Minor Magic

   Spells                             Type                      Level
   a - Magic Dart                     Conjuration                  1
   b - Blink                          Translocation                2
   c - Call Imp                       Summoning                    2
   d - Slow                           Hexes                        2
   e - Conjure Flame                  Conjuration/Fire             3
   f - Mephitic Cloud                 Conjuration/Poison/Air       3
Comestibles
 f - 3 bread rations
 l - 4 royal jellies
 m - 3 meat rations
 t - 9 fruits


   Skills:
 * Level 8.6 Fighting
 - Level 3.0 Staves
 - Level 1.7 Throwing
 - Level 4.0 Armour
 - Level 4.6 Dodging


You had 5 spell levels left.
You knew the following spells:

 Your Spells              Type           Power        Failure   Level  Hunger
a - Blink                 Tloc           N/A          61%         2    ###....


Dungeon Overview and Level Annotations

Branches:
Dungeon (6/15)
 Temple: D:4-7

Altars:
Ru


Innate Abilities, Weirdness & Mutations

You are resistant to torment.
Your stone body is resilient. (AC +5)
You are immune to poison.
You resist negative energy. (rN+)
You are resistant to electric shocks. (rElec)
You can survive without breathing.
You are immune to petrification.
You are immune to rotting.
You are agile. (Dex +2)


Message History

You feel agile all of a sudden.
You are engulfed in freezing vapours.
You resist.
* * * LOW HITPOINT WARNING * * *
Casting: Blink
Confirm with . or Enter, or press ? or * to list all spells.
You blink.
You are engulfed in freezing vapours.
You resist.
* * * LOW HITPOINT WARNING * * *
It was a potion of magic.
Magic courses through your body.
You feel better.
You are engulfed in freezing vapours.
You resist.
You are engulfed in freezing vapours.
You resist.
You are engulfed in freezing vapours.
You resist.
* * * LOW HITPOINT WARNING * * *
You are engulfed in freezing vapours.
You resist.
* * * LOW HITPOINT WARNING * * *
You are engulfed in freezing vapours.
You resist.
* * * LOW HITPOINT WARNING * * *
Okay, then.
You are engulfed in freezing vapours.
You resist.
You die...

.'...(((..†..'.'........'(>.....#
.#######.....###........##.##..##
.# ##..(.# #........##.###.#
.#########################.###.#
#<..........................##.#
#..#######################8'8#.##
#..#######.........§§§§§.§§..#..#
.........#§####################.#
#..#####.#§§§§§§@§......$$$$$##..
.........#######################†
.....###.#######################.
...........# #. .....[.....# #.
...........# #. ...........# ##
...........### # .............# #


There were no monsters in sight!

Vanquished Creatures
  The ghost of Ymberto the Basher, a novice HuFi (D:5)
  A centaur (D:5)
  2 ogres
  A howler monkey (D:5)
  A crimson imp (D:5)
  2 orc priests (D:3)
  A hound (D:4)
  Ijyb (D:5)
  An orc wizard (D:4)
  2 worker ants (D:5)
  A hound skeleton (D:4)
  4 gnolls (D:4)
  A howler monkey skeleton (D:4)
  5 adders
  A shadow imp (D:5)
  2 oozes (D:2)
  2 adder skeletons
  A worm (D:4)
  2 dart slugs (D:2)
  4 leopard geckos
  12 orcs
  6 ball pythons
  9 bats
  5 giant cockroaches
  7 goblins
  8 hobgoblins
  23 jackals
  3 frilled lizards
  4 kobolds
  8 rats
121 creatures vanquished.

Notes
Turn   | Place    | Note
-------+----------+-------------------------------------------
     0 | D:1      | moscheto the Gargoyle Gladiator began the quest for the Orb.
     0 | D:1      | Reached XP level 1. HP: 12/12 MP: 1/1
   250 | D:1      | Reached XP level 2. HP: 17/17 MP: 2/2
   544 | D:1      | Reached skill level 1 in Armour
   824 | D:1      | Reached XP level 3. HP: 21/21 MP: 3/3
  1061 | D:2      | Reached XP level 4. HP: 11/26 MP: 4/4
  1768 | D:2      | Reached XP level 5. HP: 30/30 MP: 5/5
  2595 | D:4      | Reached XP level 6. HP: 36/36 MP: 6/6
  2749 | D:4      | Learned a level 2 spell: Blink
  2876 | D:4      | Reached skill level 3 in Fighting
  2982 | D:4      | Found a sacrificial altar of Ru.
  3491 | D:4      | Reached skill level 4 in Fighting
  3491 | D:4      | Reached XP level 7. HP: 40/43 MP: 7/7
  3627 | D:5      | Entered Level 5 of the Dungeon
  3633 | D:5      | Noticed Ijyb
  3649 | D:5      | Killed Ijyb
  3674 | D:5      | Noticed Ymberto's ghost (novice HuFi)
  3691 | D:5      | HP: 2/44 [ogre/giant spiked club (5)]
  3695 | D:5      | Reached skill level 5 in Fighting
  3715 | D:5      | Killed Ymberto's ghost
  3715 | D:5      | Reached skill level 7 in Fighting
  3715 | D:5      | Reached XP level 8. HP: 12/54 MP: 8/8
  3987 | D:5      | Reached skill level 8 in Fighting
  4765 | D:5      | Gained mutation: Scrolls take you a little longer to read. [potion of mutation]
  4765 | D:5      | Gained mutation: You are agile. (Dex +2) [potion of mutation]
  4765 | D:5      | Lost mutation: Scrolls take you a little longer to read. [potion of mutation]
  4794 | D:5      | Engulfed by a cloud of freezing vapour

Skill      XL: |  1  2  3  4  5  6  7  8 |
---------------+-------------------------+-----
Armour         | 1 2 3 4 |  4.0
Dodging        | 3 4 |  4.6
Fighting       | 4 7 8 |  8.6
Staves         | |  3.0
Throwing       | |  1.7

Action                   |  1- 3 |  4- 6 |  7- 9 || total
-------------------------+-------+-------+-------++-------
Melee: Quarterstaff      |   106 |   206 |       ||   312
       Mace              |       |    96 |   104 ||   200
Throw: Throwing net      |       |     1 |     2 ||     3
 Cast: Blink             |       |       |     2 ||     2
  Use: Scroll            |     4 |     4 |     2 ||    10
       Potion            |       |     2 |    13 ||    15
 Stab: Held in net/web   |       |       |     2 ||     2
  Eat: Meat ration       |       |     2 |       ||     2
       Bread ration      |       |       |     1 ||     1
Armor: Leather armour    |    19 |       |       ||    19
       Ring mail         |    51 |   172 |    42 ||   265
       Skin              |       |       |    11 ||    11
Dodge: Dodged            |    97 |   268 |    77 ||   442
